 Dungeon Crawl Stone Soup version 0.29.1-12-g30fa7ad0bf (webtiles) character file.

Game seed: 8503548945012297757

226 Coaxmetal the Digger (level 6, -5/32 HPs)
             Began as a Gargoyle Earth Elementalist on Dec 19, 2022.
             Engulfed by a steam dragon's steam (6 damage)
             ... on level 4 of the Dungeon.
             The game lasted 00:04:02 (3733 turns).

Coaxmetal the Digger (Gargoyle Earth Elementalist)  Turns: 3733, Time: 00:04:03

Health: -5/32      AC:  7    Str: 12    XL:     6   Next: 1%
Magic:  5/9        EV: 12    Int: 17    God:
Gold:   117        SH:  0    Dex: 10    Spells: 8/9 levels left

rFire   . . .      SeeInvis .   p - +3 spear
rCold   . . .      Faith    .   (no shield)
rNeg    + . .      Spirit   .   a - +0 robe
rPois   ∞          Reflect  .   n - +0 helmet
rElec   +          Harm     .   (no cloak)
rCorr   .          Rampage  .   (no gloves)
Will    .....                   (no boots)
Stlth   ++........              (no amulet)
HPRegen 0.10/turn               (no ring)
MPRegen 0.11/turn               (no ring)

@: no status effects
A: sickness immunity, AC +4, negative energy resistance 1, electricity
resistance, torment resistance 1, petrification resistance
a: no special abilities


You were on level 4 of the Dungeon.
You visited 1 branch of the dungeon, and saw 4 of its levels.

You collected 117 gold pieces.

Inventory:

Hand Weapons
 p - a +3 spear (weapon)
Armour
 a - a +0 robe (worn)
 n - a +0 helmet (worn)
Jewellery
 f - a ring of protection from cold
 q - a +6 ring of strength
Scrolls
 d - a scroll of enchant armour {unknown}
 e - 3 scrolls of enchant weapon {unknown}
 g - 3 scrolls of teleportation {unknown}
 h - a scroll of fog {unknown}
 i - 5 scrolls of identify {unknown}
 j - a scroll of poison {unknown}
 l - a scroll of brand weapon {unknown}
 o - a scroll of noise {unknown}
Potions
 b - 2 potions of brilliance {unknown}
 c - a potion of curing {unknown}
 k - a potion of might
 m - 3 potions of haste {unknown}


   Skills:
 + Level 3.6 Dodging
 - Level 2.1 Stealth
 - Level 2.0 Spellcasting
 - Level 0.7 Transmutations
 + Level 6.1 Earth Magic


You had 8 spell levels left.
You knew the following spells:

 Your Spells              Type           Power      Damage    Failure   Level
a - Sandblast             Erth           44%        2d11      1%          1

Your spell library contained the following spells:

 Spells                   Type           Power      Damage    Failure   Level
 Passwall                 Tmut/Erth      10%        N/A       8%          2
 Stone Arrow              Conj/Erth      24%        3d8       17%         3
 Magic Dart               Conj           4%         1d3       19%         1
 Shock                    Conj/Air       4%         1d3       19%         1
 Call Imp                 Summ           1%         N/A       28%         2
 Petrify                  Tmut/Erth      13%        N/A       43%         4
 Gell's Gravitas          Tloc           1%         N/A       50%         3
 Lesser Beckoning         Tloc           1%         N/A       50%         3
 Mephitic Cloud           Conj/Pois/Air  1%         N/A       50%         3
 Swiftness                Air            1%         N/A       50%         3
 Teleport Other           Tloc           1%         N/A       50%         3
 Airstrike                Air            0%         2d(1-17)  88%         4


Dungeon Overview and Level Annotations

Branches:
Dungeon (4/15)             Temple (0/1) D:4

Altars:
Dithmenos
Elyvilon
Okawaru
Wu Jian
Zin

Shops:
D:3 =

Annotations:
D:2 1 runed translucent door, Crazy Yiuf


Innate Abilities, Weirdness & Mutations

You are immune to sickness and miasma.
Your stone body is resilient. (AC +4)
You are immune to poison.
You resist negative energy. (rN+)
You are resistant to electric shocks. (rElec)
You are resistant to unholy torment.
You are immune to petrification.


Message History

The blast of sand hits the goblin!
You kill the goblin!
A steam dragon comes into view.
The steam dragon breathes steam at you. The ball of steam misses you.
You hear a shout!
Aiming: Sandblast (safe; 1% risk of failure)
Press: ? - help, Q - select action Shift-Dir - straight line, f - you That would be overly suicidal.
Okay, then.
Unknown command.
You are engulfed in a cloud of scalding steam.
Found 6 stones.
Aiming: Sandblast (safe; 1% risk of failure)
Press: ? - help, Q - select action Shift-Dir - straight line, f - steam dragon
Aim: a steam dragon (catching its breath, 83% to hit)
The blast of sand hits the steam dragon but does no damage.
Aiming: Sandblast (safe; 1% risk of failure)
Press: ? - help, Q - select action Shift-Dir - straight line, f/p - steam dragon
Aim: a steam dragon (steam, 83% to hit)
The blast of sand hits the steam dragon but does no damage.
The steam dragon barely misses you.
The steam dragon claws you but does no damage.
The steam dragon barely misses you. The steam dragon claws you.
Aiming: Sandblast (safe; 1% risk of failure)
Press: ? - help, Q - select action Shift-Dir - straight line, f/p - steam dragon
Aim: a steam dragon (83% to hit)
The blast of sand hits the steam dragon.
The steam dragon is lightly wounded.
The steam dragon breathes steam at you. The ball of steam hits you!!
Ouch! That really hurt!
* * * LOW HITPOINT WARNING * * *
Aiming: Sandblast (safe; 1% risk of failure)
Press: ? - help, Q - select action Shift-Dir - straight line, f/p - steam dragon
Aim: a steam dragon (lightly wounded, catching its breath, 83% to hit)
The blast of sand hits the steam dragon but does no damage.
The steam dragon is lightly wounded.
You are engulfed in a cloud of scalding steam.
You die...

... #.#####.#### ...
#.#...........
#.####.#...........
#.#.^..+.)........(
####.#.##.#...........
###.....>...............
.....#...##.#(..........
....###.....#§§§........
##..###..##.#§.§@D......
###..#..###.#...........
.##.....##..............
..............########..
#.........##..# .
##..._...# ##.
#......... .. ..........
.##.....## ###


You could see a steam dragon (catching breath).

Vanquished Creatures
  An ogre (D:4)
  Natasha (thrice) (D:2)
  2 adders
  A dart slug (D:1)
  6 orcs
  A ball python (D:2)
  4 bats
  4 endoplasms
  2 giant cockroaches
  4 goblins
  3 hobgoblins
  2 quokkas
  2 frilled lizards (D:1)
  A kobold (D:1)
  2 rats
38 creatures vanquished.

Vanquished Creatures (others)
  5 plants (D:1)
5 creatures vanquished.

Grand Total: 43 creatures vanquished

Notes
Turn   | Place    | Note
-------+----------+-------------------------------------------
     0 | D:1      | Coaxmetal the Gargoyle Earth Elementalist began the quest
                  | for the Orb.
     0 | D:1      | Reached XP level 1. HP: 10/10 MP: 3/3
   380 | D:1      | Reached skill level 4 in Earth Magic
   380 | D:1      | Reached XP level 2. HP: 15/15 MP: 1/5
  1033 | D:2      | Noticed Natasha
  1041 | D:2      | Killed Natasha
  1042 | D:2      | Reached XP level 3. HP: 6/19 MP: 0/6
  1458 | D:2      | Noticed Natasha
  1460 | D:2      | Killed Natasha
  1461 | D:2      | Reached XP level 4. HP: 20/24 MP: 4/7
  1536 | D:2      | Found a glowing silver altar of Zin.
  1627 | D:2      | Noticed Natasha
  1636 | D:2      | Killed Natasha
  1637 | D:2      | Reached skill level 5 in Earth Magic
  1967 | D:2      | Found a runed translucent door.
  1968 | D:2      | Noticed Crazy Yiuf
  2205 | D:3      | Found Cettir's Jewellery Shop.
  2271 | D:3      | Found a white marble altar of Elyvilon.
  2303 | D:3      | Found an ornate altar of the Wu Jian Council.
  2348 | D:3      | Reached XP level 5. HP: 28/28 MP: 4/8
  2532 | D:3      | Found an iron altar of Okawaru.
  3448 | D:4      | Found a staircase to the Ecumenical Temple.
  3539 | D:4      | Noticed an ogre
  3545 | D:4      | Killed an ogre
  3546 | D:4      | Reached skill level 6 in Earth Magic
  3546 | D:4      | Reached XP level 6. HP: 32/32 MP: 4/9
  3697 | D:4      | Found a shadowy altar of Dithmenos.
  3726 | D:4      | Noticed a steam dragon
  3732 | D:4      | HP: 1/32 [steam dragon/ball of steam (22)]
  3733 | D:4      | Engulfed by a steam dragon's steam

Illustrated notes

Levels and vault maps discovered:
D:1:      mrwooster_arrival_statue_2, layout_basic, serial_bayou_lagoon_a
D:2:      layout_basic, basic_altar, nicolae_concentric_dashed_squares_wild,
          kennysheep_small_spiral, kennysheep_minor_cross, minmay_3d_cube,
          uniq_natasha, uniq_crazy_yiuf_cottage
D:3:      layout_basic, mainiacjoe_overflow_two_lobes,
          mainiacjoe_overflow_six_doors_small, serial_shops, shop
D:4:      layout_basic, nicolae_dithmenos_shadow_blocks,
          lemuel_temple_firewalk_b, serial_shops, shop, minmay_ruptured,
          uniq_blork_the_orc

Skill      XL: |  1  2  3  4  5 |
---------------+----------------+-----
Dodging        | 2 3 |  3.6
Earth Magic    | 4 5 6 |  6.1
Stealth        | |  2.1
Spellcasting   | |  2.0
Transmutations | |  0.7

Action                   |  1- 3 |  4- 6 || total
-------------------------+-------+-------++-------
 Cast: Sandblast         |    28 |    48 ||    76
  Use: Potion            |       |     1 ||     1
Armor: Robe              |     1 |     7 ||     8
Dodge: Dodged            |     5 |    17 ||    22
